 Dungeon Crawl Stone Soup version 0.31.0-11-ge490571c62 (webtiles) character file.

Game seed: 13915911746917642752

61 Aviak the Insei (level 4, 0/25 (30) HPs)
             Began as an Octopode Reaver on Feb 3, 2024.
             Killed from afar by Sigmund (9 damage)
             ... with a magic dart
             ... on level 3 of the Dungeon.
             The game lasted 00:02:01 (2188 turns).

Aviak the Insei (Octopode Reaver)                   Turns: 2188, Time: 00:02:01

HP:   0/25 (30)     AC:  1    Str: 11    XL:     4   Next: 7%
MP:   16/16         EV: 13    Int: 15    God:
Gold: 121           SH:  4    Dex: 12    Spells: 6/7 levels left

rFire   . .          .
                       - Unarmed
rCold   . . .        m - +0 buckler
rNeg    + . .        (helmet restricted)
rPois   .            (no amulet)
rElec   .            Z - ring of see invisible
rCorr   .            g - ring of magical power
SInv    +            d - ring of positive energy
Will    .....        (no ring)
Stlth   ++           (no ring)
HPRegen 0.24/turn    (no ring)
MPRegen 0.15/turn    (no ring)
                     (no ring)

%: no passive effects
@: heavily drained
A: almost no armour, amphibious, 8 rings, camouflage 1, gelatinous body 1,
(nimble swimmer 1), tentacles
a: no special abilities


You were on level 3 of the Dungeon.
You visited 1 branch of the dungeon, and saw 3 of its levels.

You collected 121 gold pieces.

Inventory:

Armour
 m - a +0 buckler (worn)
Jewellery
 d - a ring of positive energy (on tentacle)
 g - a ring of magical power (right tentacle)
 Z - a ring of see invisible (left tentacle)
Scrolls
 b - a scroll of blinking {unknown}
 c - a scroll of identify {unknown}
 e - 2 scrolls of fog {unknown}
 j - a scroll of revelation {unknown}
 k - 2 scrolls of teleportation {unknown}
 l - a scroll of immolation {unknown}
Potions
 a - a potion of heal wounds {unknown}
 f - a potion of might {unknown}
 h - a potion of curing {unknown}
 i - a potion of enlightenment {unknown}
 n - a potion of mutation {unknown}


   Skills:
 + Level 2.9 Fighting
 + Level 2.8 Dodging
 + Level 0.4 Shields
 + Level 3.6 Unarmed Combat
 - Level 2.0 Spellcasting
 - Level 3.0 Conjurations


You had 6 spell levels left.
You knew the following spells:

 Your Spells              Type           Power      Damage    Failure   Level
a - Kiss of Death         Conj/Necr      24%        2d7       17%         1

Your spell library contained the following spells:

 Spells                   Type           Power      Damage    Failure   Level
 Momentum Strike          Conj/Tloc      12%        3d8       26%         2
 Ensorcelled Hibernation  Hex/Ice        2%         N/A       43%         2
 Hailstorm                Conj/Ice       6%         3d5       45%         3
 Call Canine Familiar     Summ           1%         N/A       67%         3
 Fugue of the Fallen      Necr           1%         N/A       67%         3
 Sigil of Binding         Hex            1%         N/A       67%         3
 Anguish                  Hex/Necr       0%         N/A       97%         4
 Dimensional Bullseye     Hex/Tloc       0%         N/A       97%         4


Dungeon Overview and Level Annotations

Branches:
Dungeon (3/15)

Altars:

Annotations:
D:3 Sigmund


Innate Abilities, Weirdness & Mutations

You cannot wear most types of armour.
You are amphibious.
You can wear up to eight rings at the same time.
Your skin changes colour to match your surroundings (Stealth+).
Your rubbery body absorbs attacks. (AC +1, EV +1)
((You are camouflaged when in or above water. (Stealth+)))
You have tentacles for arms and can constrict up to eight enemies at once.


Message History

Found 5 stones.
Sigmund is nearby!
Sigmund shouts!
Sigmund casts a spell at you. The puff of flame misses you.
You aren't carrying any items that you can evoke.
Okay, then.
Sigmund closely misses you.
Casting: Kiss of Death (safe; 17% risk of failure)
Confirm with . or Enter, or press ? or * to list all spells.
Aiming: Kiss of Death (safe; 17% risk of failure)
Press: ? - help, Shift-Dir - straight line, f - Sigmund
Aim: Sigmund, wielding a +0 scythe and wearing a +0 robe (100% to hit)
The negative energy hits Sigmund.
Sigmund is drained!
Sigmund is moderately wounded.
You feel drained.
You barely miss Sigmund. You grab Sigmund.
Sigmund is moderately wounded.
You constrict Sigmund. Sigmund hits you with a +0 scythe!
You tentacle-slap Sigmund.
Sigmund is heavily wounded.
You constrict Sigmund.
Sigmund mumbles some strange words.
Sigmund flickers and vanishes for a moment.
You completely miss Sigmund.
Sigmund is heavily wounded.
You constrict Sigmund.
Sigmund giggles. "Time to reap what you sow."
Sigmund hits you with a +0 scythe.
You completely miss Sigmund. You squeeze Sigmund.
Sigmund is severely wounded.
You constrict Sigmund.
You tentacle-slap Sigmund but do no damage.
Your squeeze misses Sigmund.
Sigmund is severely wounded.
You constrict Sigmund. Sigmund casts a spell at you. The magic dart hits you!
You die...
Sigmund begins carving another notch in his scythe.

###.# ##.....##......##......#
....###......#..#....#..#....#..#
###.#...#....#.##....#.##....#.##
#...#####..######..######..# #
#.#.###..### .### .###
#.#..##..### .. ## ..
###.##...##..######..## ###
..#.####......##.....(#
#.............##@@....#
#.#######....#..#....#.. #[#
.....[.#.##....# #.# ........#.#
##### #.# .......>... ..#
########### ###


You could see Sigmund (invisible, very drained).

Vanquished Creatures
  An adder (D:2)
  2 ufetubi (D:3)
  A ribbon worm (D:2)
  An orc (D:3)
  4 endoplasms
  2 giant cockroaches
  5 goblins
  3 kobolds
  3 quokkas
  4 ball pythons
  3 bats
  A frilled lizard (D:1)
  6 rats
36 creatures vanquished.

Notes
Turn   | Place    | Note
-------+----------+-------------------------------------------
     0 | D:1      | Aviak the Octopode Reaver began the quest for the Orb.
     0 | D:1      | Reached XP level 1. HP: 14/14 MP: 3/3
   150 | D:1      | Reached XP level 2. HP: 7/19 MP: 5/5
  1033 | D:2      | Reached XP level 3. HP: 16/25 MP: 6/6
  1967 | D:3      | Reached XP level 4. HP: 25/30 MP: 7/7
  2180 | D:3      | Noticed Sigmund
  2188 | D:3      | Killed from afar by Sigmund

Illustrated notes

Levels and vault maps discovered:
D:1:      enne_arrival_octagon_isle, layout_loops_ring, nrook_loot_triangle,
          minmay_cut_off
D:2:      layout_rooms
D:3:      layout_basic, chequers_serial_rivers_room_a,
          nicolae_houndstooth_variations, uniq_sigmund

Action                     |  1- 3 |  4- 6 || total
---------------------------+-------+-------++-------
  Melee: Unarmed           |    80 |    11 ||    91
         Tentacles         |    17 |     2 ||    19
         Constrict         |    15 |     3 ||    18
         Punch             |     3 |       ||     3
   Cast: Kiss of Death     |       |     1 ||     1
   Stab: Sleeping          |     5 |       ||     5
 Armour: Skin              |    28 |     6 ||    34
  Dodge: Dodged            |    47 |     7 ||    54
  Block: Buckler           |     2 |     2 ||     4
